 Dungeon Crawl Stone Soup version 0.20-a0-1127-g1289703 (webtiles) character file.

35102 Zwobot the Cruncher (level 13, -3/154 HPs)
             Began as a Gnoll Wanderer on May 18, 2017.
             Was a High Priest of Lugonu.
             Slain by an orc sorcerer
             ... wielding a +0 dagger
              (6 damage)
             ... while paralysed by an orc sorcerer
             ... on level 2 of the Orcish Mines.
             The game lasted 01:17:50 (16788 turns).

Zwobot the Cruncher (Gnoll Wanderer)               Turns: 16788, Time: 01:17:51

Health: -3/154     AC: -7    Str: 22    XL:     13   Next: 81%
Magic:  22/22      EV:  2    Int: 13    God:    Lugonu [*****.]
Gold:   1173       SH:  0    Dex: 19    Spells: 13/25 levels left

rFire    + . .     SeeInvis +   a - +8 glaive of the Guard {elec, +Rage AC+5 SInv}
rCold    + . .     Gourm    .   (shield currently unavailable)
rNeg     . . .     Faith    .   B - +8 ring mail of Dramatic Exits {+Fly MR- Str+5 Dex+2}
rPois    +         Spirit   .   K - +2 hat
rElec    .         Reflect  .   D - scarf {rC+ rF+}
rCorr    .         Harm     .   n - +1 pair of gloves {archery}
MR       .....                  (no boots)
Stlth    ..........             P - amulet of regeneration
Regen    0.8/turn               y - ring of poison resistance
MPRegen  0.2/turn               G - ring of wizardry

@: paralysed, berserking (expiring), corroded
A: short attention span, fangs 1, strong nose
a: Depart the Abyss, Bend Space, Banish, Corrupt, Enter the Abyss, Renounce
Religion, Evoke Berserk Rage, Evoke Flight


You were on level 2 of the Orcish Mines.
You worshipped Lugonu.
Lugonu was extremely pleased with you.
You were full.

You visited 4 branches of the dungeon, and saw 20 of its levels.
You also visited: Labyrinth.

You collected 1599 gold pieces.
You spent 426 gold pieces at shops.

Inventory:

Hand Weapons
 a - the +8 glaive of the Guard (weapon) {elec, +Rage AC+5 SInv}
   (You found it in a labyrinth)

   Occasionally, upon striking a foe, it will discharge some electrical energy
   and cause terrible harm.
   It affects your AC (+5).
   It lets you see invisible.
   It lets you go berserk.
 b - a +0 hunting sling
 r - a +3 lajatang
 u - a +3 quarterstaff of draining
Missiles
 q - 29 poisoned needles
 C - 26 stones (quivered)
 I - 107 sling bullets
Armour
 n - a +1 pair of gloves of archery (worn)
 B - the +8 ring mail of Dramatic Exits (worn) {+Fly MR- Str+5 Dex+2}
   (You found it on level 4 of the Dungeon)

   It affects your strength (+5).
   It affects your dexterity (+2).
   It affects your resistance to hostile enchantments.
   It lets you fly.
 D - a scarf of resistance (worn)
 K - a +2 hat (worn)
Jewellery
 y - a ring of poison resistance (left hand)
 G - a ring of wizardry (right hand)
 P - an amulet of regeneration (around neck)
Wands
 d - a wand of iceblast (7/15)
 l - a wand of disintegration (6/24)
 w - a wand of acid (4/15)
 x - a wand of enslavement (5/24)
 z - a wand of scattershot (2/9)
 L - a wand of acid (6/15)
 R - a wand of disintegration (6/24)
 S - a wand of enslavement (6/24)
 Y - a wand of paralysis (14/24)
Scrolls
 e - a scroll of identify
 g - 12 scrolls of remove curse
 h - 2 scrolls of enchant armour
 j - 6 scrolls of teleportation
 m - 3 scrolls of magic mapping
 F - a scroll of summoning
 O - 3 scrolls of immolation
 Q - 3 scrolls of blinking
 U - a scroll of recharging
 Z - a scroll of holy word
Potions
 c - 8 potions of curing
 k - 3 potions of invisibility
 p - a potion of berserk rage
 s - 2 potions of haste
 t - 2 potions of might
 E - 5 potions of heal wounds
 J - 2 potions of magic
 N - 4 potions of resistance
 T - 3 potions of ambrosia
 V - a potion of cancellation
 W - 4 potions of brilliance
Books
 v - a book of Unlife

   Spells                             Type                      Level
   a - Recall                         Summoning/Translocation      3
   b - Animate Dead                   Necromancy                   4
   c - Control Undead                 Necromancy                   4
   d - Cigotuvi's Embrace             Necromancy                   5
   e - Death Channel                  Necromancy                   6
   f - Simulacrum                     Ice/Necromancy               6
 X - a book of Callings

   Spells                             Type                      Level
   a - Summon Small Mammal            Summoning                    1
   b - Call Imp                       Summoning                    2
   c - Call Canine Familiar           Summoning                    3
   d - Summon Guardian Golem          Hexes/Summoning              3
   e - Summon Lightning Spire         Summoning/Air                4
   f - Summon Ice Beast               Ice/Summoning                4
Miscellaneous
 M - a fan of gales
Comestibles
 f - 11 bread rations
 i - 5 meat rations
 o - 17 royal jellies
 A - 19 chunks of flesh


   Skills:
 + Level 9.8 Fighting
   Level 1.7(9.5) Maces & Flails
 - Level 5.0(9.8) Polearms
 + Level 11.4 Staves
 - Level 7.9(8.0) Slings
 - Level 2.4(6.2) Throwing
 + Level 9.7 Armour
 + Level 9.6 Dodging
 - Level 6.1 Stealth
 - Level 6.5 Spellcasting
 - Level 5.9 Conjurations
 + Level 0.0 Necromancy
 - Level 4.1 Translocations
 - Level 5.7 Fire Magic
 - Level 7.1 Invocations
 - Level 6.0 Evocations


You had 13 spell levels left.
You knew the following spells:

 Your Spells              Type           Power        Failure   Level  Hunger
a - Blink                 Tloc           N/A          2%          2    #......
b - Conjure Flame         Conj/Fire      ###.....     2%          3    ###....
c - Mephitic Cloud        Conj/Pois/Air  #.......     12%         3    ###....
d - Animate Dead          Necr           N/A          65%         4    ####...


Dungeon Overview and Level Annotations

Branches:
Dungeon (11/15)            Temple (1/1) D:5            Lair (6/6) D:10
 Shoals (0/4) Lair:4       Spider (0/4) Lair:2        Slime (0/5) Lair:6
    Orc (2/2) D:9             Elf (0/3) Orc:2

Altars:
Ashenzari
Cheibriados
Dithmenos
Elyvilon
Fedhas
Gozag
Hepliaklqana
Kikubaaqudgha
Makhleb
Nemelex Xobeh
Okawaru
Qazlal
Ru
Sif Muna
Trog
Uskayaw
Vehumet
Wu Jian
Xom
Yredelemnul
Zin
The Shining One
Jiyva
Lugonu

Shops:
D:6 (*(   D:7 %%*[   D:9 (

Annotations:
Lair:6 corrupted, 1 runed door
Orc:2 1 exclusion


Innate Abilities, Weirdness & Mutations

You have a short attention span.
You have very sharp teeth.
Your uncanny sense of smell can sniff out nearby items.


Message History

The ogre hits you with a giant club!!
You hit the orc sorcerer.
The orc sorcerer is almost dead.
The orc sorcerer gestures at you while chanting.
You suddenly lose the ability to move!
The rust devil hits you! The rust devil corrodes you!
The orc sorcerer hits you with a dagger.
The rust devil hits you. The rust devil corrodes you!
The ogre hits you with a giant club!
* * * LOW HITPOINT WARNING * * *
The orc sorcerer hits you with a dagger.
* * * LOW HITPOINT WARNING * * *
The rust devil hits you!
* * * LOW HITPOINT WARNING * * *
The rust devil corrodes you! The ogre hits you with a giant club!!
* * * LOW HITPOINT WARNING * * *
The orc sorcerer howls an incantation.
The orc sorcerer's hands start to glow.
The orc sorcerer hits you with a dagger.
You die...

,,,,,***∩*,*,*,*,*,*,*,*,*,*,*,*,
,,,,,* ***,,,,,,,,,,,,,,,***,,,,,
,,,,,* **,,,,,,,,,,,,,** **,,,,
,,*,** ***,,,,,,,,,*** ***,,
,,,*,* ***,,,,,*** *** ,,,,,*
******* *
,,,,,****########################
,,,,,,,,,......o.................
,,,,,,,,,.<.....@#.....#........#
,,,,,,,,,.......O4...............
,,,,,,,,,........................
,,,,,,,,,........................
,,,,,,,,,........................
,,,,,,,,,.......$................
,,,,,,,,,........................
,,,,,,,,,.........##...........>.
,,,,,,,,,.........#...........<..


You could see a rust devil, an orc sorcerer and an ogre.

Vanquished Creatures
  Gastronok (D:10)
  A minotaur (Lab)
  3 hydras
  4 death yaks (Lair:3)
  Pikel (D:6)
  A salamander (Lair:2)
  4 elephants
  2 merfolk sirens (Lair:4)
  A black mamba (Lair:4)
  9 spiny frogs
  A rime drake (Lair:3)
  6 komodo dragons
  A merfolk (Lair:4)
  3 hornets
  2 polar bears (Lair:6)
  6 hippogriffs
  6 dream sheep (Lair:5)
  Sigmund (D:4)
  2 wyverns (Lair:6)
  A wraith (D:10)
  5 basilisks
  41 yaks
  A fire elemental (Lair:5)
  Menkaure (D:4)
  A soldier ant (D:8)
  9 water moccasins
  An acid dragon (D:11)
  10 porcupines
  Duvessa (D:4)
  An ice beast (D:7)
  2 sky beasts
  4 black bears
  6 orc warriors
  2 slaves (D:6)
  6 ogres
  An eye of draining (D:10)
  2 phantoms
  5 centaurs
  A boggart (D:11)
  15 crocodiles
  11 bullfrogs
  2 big kobolds
  Dowan (D:4)
  A wyvern zombie (D:11)
  4 scorpions
  A wyvern skeleton (D:9)
  A water moccasin skeleton (D:4)
  4 killer bees (D:10)
  7 electric eels
  7 howler monkeys
  5 wights (D:9)
  2 jellies
  A crimson imp (D:5)
  2 centaur zombies
  A bullfrog zombie (D:9)
  8 orc priests
  7 hounds
  A quasit (D:7)
  13 orc wizards
  A bullfrog skeleton (D:7)
  A centaur skeleton (D:3)
  An iguana (D:4)
  4 worker ants
  A killer bee zombie (D:7)
  A hound zombie (D:5)
  A hound skeleton (D:6)
  A worker ant zombie (D:10)
  11 adders
  2 shadow imps
  2 adder skeletons
  6 worms
  6 leopard geckos
  39 orcs
  4 giant cockroaches
  9 goblins
  4 hobgoblins
  5 jackals
  11 kobolds
  4 quokkas
  A ball python (D:1)
  3 bats
  7 frilled lizards
  A jackal skeleton (D:4)
  A quokka skeleton (D:5)
  6 rats
  A spectral orc (D:6)
  A plant (D:10)
385 creatures vanquished.

Vanquished Creatures (others)
  The ghost of North the Fighter, a journeyman BaGl of Okawaru (Lair:2)
  A hydra (Lair:6)
  A merfolk avatar (Lair:6)
  3 harpies (Lair:6)
  A manticore (Lair:6)
  A cyclops (D:9)
  2 elephants (Lair:6)
  2 spiny frogs (Lair:6)
  3 komodo dragons (Lair:6)
  2 rime drakes (Lair:6)
  Grinder (D:6)
  2 polar bears (Lair:6)
  2 water moccasins (Lair:6)
  A slave (D:6)
  2 crocodiles (Lair:6)
  A jelly (D:6)
  An adder (D:6)
  2 kobolds (D:6)
  2 fungi (Lair:6)
  9 plants
40 creatures vanquished.

Grand Total: 425 creatures vanquished

Notes
Turn   | Place    | Note
-------+----------+-------------------------------------------
     0 | D:1      | Zwobot the Gnoll Wanderer began the quest for the Orb.
     0 | D:1      | Zwobot set off with: a +2 quarterstaff, a potion of lignification, a potion of curing, a +0 robe, a +0 dagger, a bread ration
     0 | D:1      | Reached XP level 1. HP: 18/18 MP: 1/1
   254 | D:1      | Reached skill level 2 in Staves
   504 | D:1      | Reached XP level 2. HP: 25/25 MP: 2/2
   790 | D:2      | Reached skill level 3 in Staves
   843 | D:2      | Found an ornate altar of the Wu Jian Council.
   891 | D:2      | Reached XP level 3. HP: 31/31 MP: 3/3
   972 | D:2      | Reached skill level 4 in Staves
  1427 | D:2      | Reached XP level 4. HP: 24/38 MP: 4/4
  1478 | D:3      | Reached skill level 5 in Staves
  1668 | D:3      | Found a radiant altar of Vehumet.
  1700 | D:3      | Reached skill level 6 in Staves
  1737 | D:3      | Reached XP level 5. HP: 40/43 MP: 5/5
  1958 | D:3      | Reached skill level 5 in Fighting
  2020 | D:3      | Found a sacrificial altar of Ru.
  2302 | D:4      | Reached skill level 7 in Staves
  2560 | D:4      | Noticed Sigmund
  2592 | D:4      | Killed Sigmund
  2592 | D:4      | Reached skill level 8 in Staves
  2592 | D:4      | Reached XP level 6. HP: 51/51 MP: 6/6
  2635 | D:4      | Reached XP level 7. HP: 45/56 MP: 7/7
  2710 | D:4      | Noticed Menkaure
  2760 | D:4      | Killed Menkaure
  3063 | D:4      | Found a stormy altar of Qazlal.
  3064 | D:4      | Noticed a fire elemental
  3064 | D:4      | Noticed a water elemental
  3064 | D:4      | Noticed an air elemental
  3073 | D:4      | Noticed Duvessa
  3115 | D:4      | Noticed Dowan
  3133 | D:4      | Killed Duvessa
  3136 | D:4      | Killed Dowan
  3550 | D:4      | Got an ichor-stained ring mail
  3561 | D:4      | Identified the +8 ring mail of Dramatic Exits {+Fly MR- Str+5 Dex+2} (You found it on level 4 of the Dungeon)
  3848 | D:4      | Reached skill level 9 in Staves
  3848 | D:4      | Reached XP level 8. HP: 56/62 MP: 8/8
  3858 | D:4      | Found a hazy altar of Hepliaklqana.
  3910 | D:5      | Entered Level 5 of the Dungeon
  4143 | D:5      | Reached skill level 5 in Armour
  4147 | D:5      | Found a staircase to the Ecumenical Temple.
  4164 | Temple   | Entered the Ecumenical Temple
  4230 | Temple   | Became a worshipper of Lugonu the Unformed
  4230 | Temple   | Reached * piety under Lugonu
  4343 | D:5      | Found a deep blue altar of Sif Muna.
  4356 | D:5      | Reached skill level 1 in Invocations
  4357 | D:5      | Found an opulent altar of Gozag.
  4357 | D:5      | Found a sparkling altar of Nemelex Xobeh.
  4357 | D:5      | Found a hide-covered altar of Uskayaw.
  4358 | D:5      | Found an iron altar of Okawaru.
  4359 | D:5      | Found a shimmering altar of Xom.
  4361 | D:5      | Found a snail-covered altar of Cheibriados.
  4544 | D:6      | Found Kitiac's Weapon Boutique.
  4570 | D:6      | Killed Grinder
  4623 | D:6      | Noticed Pikel
  4655 | D:6      | Killed Pikel
  4764 | D:6      | Reached XP level 9. HP: 72/72 MP: 14/14
  4827 | D:6      | Found Jotoxus's Assorted Antiques.
  4833 | D:6      | Bought a scroll labeled WAFYQO COD LIZ for 24 gold pieces
  4833 | D:6      | Bought a dented jade amulet for 120 gold pieces
  4833 | D:6      | Bought 3 scrolls labeled EBROZX OZEJ for 72 gold pieces
  5004 | D:6      | Found Ygos's Weapon Shoppe.
  5086 | D:6      | Found a basalt altar of Yredelemnul.
  5371 | D:7      | Reached ** piety under Lugonu
  5379 | D:7      | Found a burning altar of Makhleb.
  5379 | D:7      | Found a blossoming altar of Fedhas.
  5404 | D:7      | Noticed a hornet
  5427 | D:7      | Killed a hornet
  5493 | D:7      | Reached skill level 5 in Stealth
  5494 | D:7      | Found Gosakej's Assorted Antiques.
  5506 | D:7      | Bought a scroll labeled ZYANOF LEIWKIGEI for 30 gold pieces
  5506 | D:7      | Bought a scroll labeled EBROZX OZEJ for 30 gold pieces
  5506 | D:7      | Bought a scroll labeled WAFYQO COD LIZ for 30 gold pieces
  5506 | D:7      | Bought a scroll of identify for 60 gold pieces
  5506 | D:7      | Bought a scroll of identify for 60 gold pieces
  5564 | D:7      | Reached skill level 5 in Dodging
  5564 | D:7      | Reached skill level 1 in Evocations
  5616 | D:7      | Found Yzxiet's Armour Shop.
  5701 | D:7      | Found Variri's Food Shoppe.
  6100 | D:7      | Found Haocram's Food Boutique.
  6353 | D:8      | Noticed a hornet
  6363 | D:8      | Killed a hornet
  6363 | D:8      | Reached XP level 10. HP: 65/80 MP: 15/15
  6832 | D:8      | Reached skill level 10 in Staves
  7672 | D:9      | Found a staircase to the Orcish Mines.
  7679 | D:9      | Noticed a cyclops
  7708 | D:9      | Reached *** piety under Lugonu
  7852 | D:9      | Banished a cyclops
  8054 | D:9      | Reached skill level 5 in Evocations
  8193 | D:9      | Found Olitog's Antique Weapon Shop.
  8642 | D:10     | Entered Level 10 of the Dungeon
  8727 | D:10     | Found a deep blue altar of Sif Muna.
  8775 | D:10     | Reached skill level 5 in Slings
  8852 | D:10     | Reached **** piety under Lugonu
  8919 | D:10     | Reached XP level 11. HP: 87/87 MP: 16/16
  8924 | D:10     | Noticed Gastronok
  8949 | D:10     | Killed Gastronok
  9294 | D:10     | Found a staircase to the Lair.
  9687 | D:11     | Noticed a four-headed hydra
  9702 | D:11     | Killed a four-headed hydra
  9807 | D:11     | Found a bloodstained altar of Trog.
 10057 | D:11     | Noticed a centaur warrior
 10171 | Lair:1   | Entered Level 1 of the Lair of Beasts
 10288 | Lair:1   | Got a polished scale mail
 10390 | Lair:1   | Learned a level 2 spell: Blink
 10394 | Lair:1   | Learned a level 3 spell: Conjure Flame
 10398 | Lair:1   | Learned a level 3 spell: Mephitic Cloud
 10887 | Lair:1   | Identified the +1 scale mail "Firu" {MR- Regen+ Int+2} (You found it on level 1 of the Lair of Beasts)
 11066 | Lair:2   | Noticed an orb spider
 11103 | Lair:2   | Found a hole to the Spider Nest.
 11104 | Lair:2   | Noticed a salamander
 11104 | Lair:2   | an orb spider changed into a salamander
 11137 | Lair:2   | Killed a salamander
 11238 | Lair:2   | Reached skill level 11 in Staves
 11238 | Lair:2   | Reached XP level 12. HP: 80/94 MP: 17/17
 11666 | Lair:2   | Noticed North's ghost (journeyman BaGl)
 11682 | Lair:2   | Banished North's ghost
 12097 | Lair:3   | Found a labyrinth entrance.
 12109 | Lab      | Entered a labyrinth
 12577 | Lab      | Noticed a minotaur
 12587 | Lab      | Killed a minotaur
 12621 | Lab      | Got a transparent halberd
 12732 | Lair:3   | Noticed a death yak
 12733 | Lair:3   | Noticed a death yak
 12758 | Lair:3   | Killed a death yak
 12819 | Lair:3   | Noticed a death yak
 12821 | Lair:3   | Noticed a death yak
 12836 | Lair:3   | Killed a death yak
 12928 | Lair:3   | Killed a death yak
 12935 | Lair:3   | Killed a death yak
 13005 | Lair:3   | Identified the +7 halberd "Niliuva" {chop, *Slow +Rage rPois} (You found it in a labyrinth)
 13226 | Lair:3   | Reached skill level 1 in Polearms
 13884 | Lair:4   | Reached ***** piety under Lugonu
 13991 | Lair:4   | Found a staircase to the Shoals.
 14030 | Lair:4   | Reached XP level 13. HP: 99/101 MP: 18/18
 14042 | Lair:4   | Reached skill level 5 in Polearms
 14491 | Lair:5   | Reached skill level 1 in Spellcasting
 14491 | Lair:5   | Reached skill level 1 in Translocations
 14753 | Lair:5   | Reached skill level 1 in Conjurations
 14753 | Lair:5   | Reached skill level 1 in Fire Magic
 14798 | Lair:5   | Reached skill level 5 in Spellcasting
 15460 | Lair:6   | Entered Level 6 of the Lair of Beasts
 15483 | Lair:6   | Reached skill level 5 in Conjurations
 15523 | Lair:6   | Reached skill level 5 in Fire Magic
 15542 | Lair:6   | Paralysed by a hornet for 3 turns
 15595 | Lair:6   | Corrupted Lair:6
 15597 | Lair:6   | Noticed a rakshasa
 15598 | Lair:6   | Noticed a starcursed mass
 15785 | Lair:6   | Found a runed door.
 15786 | Lair:6   | Found a viscous altar of Jiyva.
 15787 | Lair:6   | Noticed an azure jelly
 15788 | Lair:6   | Found a staircase to the Slime Pits.
 15788 | Lair:6   | Noticed an azure jelly
 16578 | Orc:1    | Entered Level 1 of the Orcish Mines
 16633 | Orc:2    | Entered Level 2 of the Orcish Mines
 16633 | Orc:2    | Found a staircase to the Elven Halls.
 16640 | Orc:2    | Learned a level 4 spell: Animate Dead
 16777 | Orc:2    | Paralysed by an orc sorcerer for 4 turns
 16785 | Orc:2    | Paralysed by an orc sorcerer for 6 turns
 16787 | Orc:2    | HP: 2/154 [ogre/giant club (24)]
 16788 | Orc:2    | Slain by an orc sorcerer

Vault maps used:
D:1:      dpeg_arrival_pits, minmay_misc_feat_chi
D:2:      lemuel_crystal_altar, first_bread
D:3:      nicolae_overflow_crystal_walls, overflow_temple_1_default
D:4:      lemuel_coloured_pillars_altar, nicolae_qazlal_style_of_elements,
          uniq_sigmund, uniq_menkaure, uniq_duvessa
D:5:      minitemple, minmay_temple_entry_glass
D:6:      lemuel_ice_spiral_2, yredelemnul_forgotten_temple_becter,
          serial_shops, shop, shop_fountains, shop, uniq_grinder, uniq_pikel
D:7:      gammafunk_temple_overflow_elements, serial_shops, shop,
          nicolae_shop_stone, shop, kennysheep_little_box, minmay_statues_item
D:8:      hangedman_pestilent_swarm
D:9:      nicolae_whirlpool, serial_shops, nicolae_shop_trees
D:10:     dpeg_oklobed_lair, basic_altar, hangedman_abyss_or_decor_stabs,
          uniq_gastronok
D:11:     serial_park, serial_park_paths, serial_park_tiny_pond,
          serial_park_tiny_2
Temple:   corrupted_temple
Lair:2:   nicolae_spider_entry_orb_guardian, serial_bayou_lake_a,
          lemuel_fruit_fields
Lair:3:   lab_entry_generic, infiniplex_staircase_pool, lemuel_fruit_fields
Lair:4:   elwin_shoals_entry_rooms, serial_forest, infiniplex_forest_lined_2,
          infiniplex_forest_lined_4_way, infiniplex_forest_clump_diagonal,
          infiniplex_forest_straight_2, infiniplex_forest_clump_double,
          infiniplex_forest_clump_C, grunt_megastairs_1
Lair:6:   gammafunk_lair_ancient_temple, slime_altar_2, grunt_megastairs_3
Orc:1:    minmay_orc_temple_a, uniq_nergalle, uniq_josephine
Orc:2:    st_orc_pillars, sword_in_stone, uniq_donald
Lab:      labyrinth_mini_lab, nicolae_lab_statue, labyrinth_skeletal_remains,
          labyrinth_glass_1, nicolae_lab_t_cross, nicolae_lab_diamond

Skill      XL: |  1  2  3  4  5  6  7  8  9 10 11 12 13 |
---------------+----------------------------------------+-----
Fighting       | 4 5 7 8 9 |  9.8
Staves         | 2 3 4 6 8 9 10 11 | 11.4
Armour         | 2 3 4 5 6 7 8 9 |  9.7
Dodging        | 2 3 4 6 7 8 9 |  9.6
Slings         | 2 6 7 |  7.9
Invocations    | 7 |  7.1
Throwing       | 2 |  2.4
Stealth        | 5 6 |  6.1
Evocations     | 4 6 |  6.0
Polearms       | 4 5 |  5.0
Spellcasting   | 6 |  6.5
Translocations | 4 |  4.1
Conjurations   | 5 |  5.9
Fire Magic     | 5 |  5.7
Maces & Flails | |  1.7

Action                   |  1- 3 |  4- 6 |  7- 9 | 10-12 | 13-15 || total
-------------------------+-------+-------+-------+-------+-------++-------
Melee: Quarterstaff      |    72 |   104 |   336 |   645 |    10 ||  1167
       Bite              |     6 |    11 |    52 |   135 |    24 ||   228
       Glaive            |       |       |       |   101 |   230 ||   331
       Lajatang          |       |       |       |       |     9 ||     9
 Fire: Hunting sling     |    16 |     4 |    11 |   127 |     5 ||   163
Throw: Stone             |       |       |     1 |     6 |    12 ||    19
Invok: Banish            |       |       |       |     2 |       ||     2
       Corrupt           |       |       |       |       |     1 ||     1
 Abil: Evoke Flight      |       |       |       |     3 |     2 ||     5
       Evoke Berserk Rag |       |       |       |       |     1 ||     1
Evoke: Wand              |       |       |     1 |     8 |       ||     9
  Use: Scroll            |       |     4 |     7 |    18 |    10 ||    39
       Potion            |       |     1 |     2 |     4 |       ||     7
 Stab: Sleeping          |     8 |     5 |     2 |    13 |    10 ||    38
       Distracted        |       |       |       |     2 |       ||     2
  Eat: Chunk             |     2 |     4 |     6 |    16 |     6 ||    34
       Meat ration       |       |       |     1 |       |       ||     1
       Fruit             |       |       |       |    14 |    10 ||    24
Armor: Robe              |     2 |       |       |       |       ||     2
       Leather armour    |     5 |       |     1 |       |       ||     6
       Ring mail         |       |    23 |   126 |   198 |    99 ||   446
       Skin              |       |     3 |     2 |       |       ||     5
Dodge: Dodged            |    24 |    37 |   170 |   411 |   221 ||   863
